 Dungeon Crawl Stone Soup version 0.30-a0-1112-gfb780f5df6 (webtiles) character file.

Game seed: 5480782639890678938

107 senseless the Conjurer (level 4, -1/30 HPs)
             Began as a Demonspawn Conjurer on Apr 19, 2023.
             Was an Initiate of Makhleb.
             Killed from afar by an orc wizard (7 damage)
             ... with a magic dart
             ... on level 3 of the Dungeon.
             The game lasted 00:08:57 (2870 turns).

senseless the Conjurer (Demonspawn Conjurer)        Turns: 2870, Time: 00:08:58

Health: -1/30      AC:  5    Str:  7    XL:     4   Next: 57%
Magic:  3/8        EV: 17    Int: 21    God:    Makhleb [......]
Gold:   109        SH:  0    Dex: 12    Spells: 5/8 levels left

rFire   . . .      SeeInvis .    e - +0 dagger
rCold   . . .      Faith    .    (no shield)
rNeg    . . .      Spirit   .    a - +0 robe
rPois   .          Reflect  .    (no helmet)
rElec   .          Rampage  .    (no cloak)
rCorr   .                        (no gloves)
Will    .....                    s - +0 pair of boots
Stlth   ++                       (no amulet)
HPRegen 0.25/turn                x - ring of flight
MPRegen 0.11/turn                i - +5 ring of evasion

@: flying
A: sharp scales 2, demonic magic 1
a: Renounce Religion


You were on level 3 of the Dungeon.
You worshipped Makhleb.
Makhleb was noncommittal.
You visited 1 branch of the dungeon, and saw 3 of its levels.

You collected 109 gold pieces.

Inventory:

Hand Weapons
 e - a +0 dagger (weapon)
Missiles
 m - 6 atropa-tipped darts
Armour
 a - a +0 robe (worn)
 s - a +0 pair of boots (worn)
Jewellery
 g - a ring of resist corrosion
 i - a +5 ring of evasion (right hand)
 x - a ring of flight (left hand)
Scrolls
 f - a scroll of enchant armour {unknown}
 k - 2 scrolls of vulnerability {unknown}
 n - 2 scrolls of noise {unknown}
 o - a scroll of enchant weapon {unknown}
 q - a scroll of brand weapon {unknown}
 t - a scroll of amnesia {unknown}
 u - a scroll of silence {unknown}
 y - a scroll of magic mapping {unknown}
Potions
 b - a potion of magic
 c - a potion of might {unknown}
 d - a potion of attraction {unknown}
 h - a potion of ambrosia {unknown}
 j - a potion of lignification {unknown}
 l - a potion of flight {unknown}
 p - 3 potions of curing {unknown}
 r - a potion of haste {unknown}
 v - a potion of cancellation {unknown}
 w - 2 potions of degeneration {unknown}


   Skills:
 + Level 2.6 Dodging
 + Level 2.7 Stealth
 + Level 2.8 Spellcasting
 + Level 4.5 Conjurations


You had 5 spell levels left.
You knew the following spells:

 Your Spells              Type           Power      Damage    Failure   Level
a - Magic Dart            Conj           88%        1d7       1%          1
b - Searing Ray           Conj           44%        2d6       3%          2

Your spell library contained the following spells:

 Spells                   Type           Power      Damage    Failure   Level
 Kiss of Death            Conj/Necr      48%        2d9       5%          1
 Dazzling Flash           Conj/Hex       24%        N/A       16%         3
 Poisonous Vapours        Pois/Air       4%         N/A       21%         2
 Mephitic Cloud           Conj/Pois/Air  9%         N/A       22%         3
 Confusing Touch          Hex            2%         N/A       38%         3
 Fulminant Prism          Conj/Hex       6%         3d7       45%         4
 Iskenderun's Mystic Bla  Conj/Tloc      12%        2d5       45%         4
 Dispel Undead            Necr           2%         3d7       80%         4
 Freezing Cloud           Conj/Ice/Air   4%         6-21      90%         5


Dungeon Overview and Level Annotations

Branches:
Dungeon (3/15)

Altars:
Makhleb

Shops:
D:1 [

Annotations:
D:3 2 transporters, Thantalas's ghost, amateur GrMo


Innate Abilities, Weirdness & Mutations

You are mostly covered in razor-sharp scales. (AC +2, Slay +2)
Spells you cast may paralyse adjacent enemies.


Message History

You kill the orc priest!
Makhleb accepts your kill. The orc hits you with a +0 dagger.
The orc hits you but does no damage. The orc attacks as you move away!
The orc barely misses you. The orc attacks as you move away!
The orc closely misses you.
Things that are here:
a +0 club; a +0 leather armour The orc wizard closely misses you.
The orc wizard attacks as you move away!
The orc wizard misses you.
The orc priest miscasts a cantrip.
You barely miss the orc wizard.
The orc wizard hits you but does no damage.
You hit the orc wizard.
The orc wizard is lightly wounded.
The orc wizard misses you.
You closely miss the orc wizard. You punch the orc wizard.
The orc wizard is moderately wounded.
The orc wizard barely misses you.
You barely miss the orc wizard.
The orc wizard is moderately wounded.
The orc wizard barely misses you.
You hit the orc wizard.
The orc wizard is moderately wounded.
The orc wizard hits you but does no damage.
You hit the orc wizard but do no damage.
The orc wizard is moderately wounded.
The orc wizard casts a spell at you. The magic dart hits you!
The orc priest invokes the aid of Beogh against you.
Beogh smites you!
* * * LOW HITPOINT WARNING * * *
Found a stone staircase leading down.
The orc wizard attacks as you move away!
The orc wizard hits you but does no damage.
Found 11 gold pieces.
You see here 12 gold pieces.
The orc wizard casts a spell at you. The magic dart hits you!
You die...

..>... ########..
#.................
#..[.o..#######...
#>...... #..# #.$.
..# #..# #.##.#.#
#..#
#.##.#.########..#
#.##......o..##..#
#@####)##.#......#
#$####o##.#......#
#.o.oo.##o#.†....#
######)##.#o.....#
#.##.#.......
#o........$..
###..#.......
#..####.### #....
#.#


You could see an orc wizard.

Vanquished Creatures
  An orc priest (D:3)
  2 adders (D:3)
  A dart slug (D:2)
  2 orcs (D:3)
  3 endoplasms
  4 giant cockroaches (D:1)
  12 hobgoblins
  2 jackals (D:1)
  A kobold (D:1)
  2 quokkas (D:2)
  6 ball pythons
  3 frilled lizards
  6 goblins
  7 rats
52 creatures vanquished.

Notes
Turn   | Place    | Note
-------+----------+-------------------------------------------
     0 | D:1      | senseless the Demonspawn Conjurer began the quest for the
                  | Orb.
     0 | D:1      | Reached XP level 1. HP: 13/13 MP: 3/3
   327 | D:1      | Found Colirch's Antique Armour Shop.
   440 | D:1      | Gained mutation: You are partially covered in razor-sharp
                  | scales. (AC +1, Slay +1) [demonic ancestry]
   440 | D:1      | Reached XP level 2. HP: 19/19 MP: 0/5
   922 | D:1      | Learned a level 2 spell: Searing Ray
  1283 | D:1      | Gained mutation: You are mostly covered in razor-sharp
                  | scales. (AC +2, Slay +2) [demonic ancestry]
  1283 | D:1      | Reached XP level 3. HP: 24/24 MP: 3/6
  1613 | D:2      | Found a burning altar of Makhleb.
  1621 | D:2      | Became a worshipper of Makhleb the Destroyer
  2431 | D:3      | Gained mutation: Spells you cast may paralyse adjacent
                  | enemies. [demonic ancestry]
  2431 | D:3      | Reached XP level 4. HP: 30/30 MP: 1/7
  2636 | D:3      | Found a transporter.
  2636 | D:3      | Noticed Thantalas's ghost (amateur GrMo)
  2783 | D:3      | Found a transporter.
  2870 | D:3      | Killed from afar by an orc wizard

Illustrated notes

Levels and vault maps discovered:
D:1:      grunt_arrival_lava_bath, layout_loops_corners, serial_shops,
          nicolae_shop_advertising_works [nicolae_subvault_shop_adworks],
          dk_noncrumbling_2
D:2:      layout_basic, basic_altar, minmay_tetromino_l4
D:3:      layout_loops_cross, gammafunk_ghost_arena

Skill      XL: |  1 |
---------------+----+-----
Dodging        | 2 |  2.6
Stealth        | 2 |  2.7
Spellcasting   | |  2.8
Conjurations   | |  4.5

Action                     |  1- 3 |  4- 6 || total
---------------------------+-------+-------++-------
  Melee: Dagger            |    15 |    16 ||    31
         Unarmed           |     9 |       ||     9
         Punch             |       |     1 ||     1
   Cast: Magic Dart        |    85 |     8 ||    93
         Searing Ray       |       |     2 ||     2
 Armour: Robe              |     8 |     8 ||    16
  Dodge: Dodged            |    19 |    25 ||    44

Table legend: (Time is in decaauts)
 A = Elapsed time spent in this place.
 B = Non-inter-level travel time spent in this place.
 C = Inter-level travel time spent in this place.
 D = Time resting spent in this place.
 E = Time spent auto-exploring this place.
 F = Levels seen in this place.
 G = Mean time per level.
                   A        B        C        D        E       F      G
               +--------+--------+--------+--------+--------+-----+--------+
         Total |   2867 |   2622 |    245 |     33 |   2279 |   3 |  955.7 |
       Dungeon |   2867 |   2622 |    245 |     33 |   2279 |   3 |  955.7 |
               +--------+--------+--------+--------+--------+-----+--------+

Top non-repeatable levels by time:
     D:1: 1534 daAuts
     D:2: 820 daAuts
     D:3: 513 daAuts
